 Dungeon Crawl Stone Soup version 0.21-a0-251-g5e8393f (webtiles) character file.

66 roguesci the Charmwright (level 3, 0/27 HPs)
             Began as a Demonspawn Skald on Sept 5, 2017.
             Killed by divine providence
             ... invoked by an orc priest
              (14 damage)
             ... on level 2 of the Dungeon.
             The game lasted 00:04:43 (1871 turns).

roguesci the Charmwright (Demonspawn Skald)         Turns: 1871, Time: 00:04:43

Health: 0/27       AC:  6    Str: 11    XL:     3   Next: 96%
Magic:  6/6        EV: 17    Int: 14    God:
Gold:   62         SH:  0    Dex: 18    Spells: 5/6 levels left

rFire    . . .     SeeInvis .   u - +0 war axe
rCold    . . .     Gourm    .   (no shield)
rNeg     . . .     Faith    .   b - +0 leather armour
rPois    .         Spirit   .   (no helmet)
rElec    .         Reflect  .   (no cloak)
rCorr    .         Harm     .   (no gloves)
MR       .....                  (no boots)
Stlth    +++.......             (no amulet)
HPRegen  0.09/turn              j - +3 ring of protection
MPRegen  0.10/turn              (no ring)

@: agile
A: claws 1, powered by pain 1
a: no special abilities


You were on level 2 of the Dungeon.
You were not hungry.

You visited 1 branch of the dungeon, and saw 2 of its levels.

You collected 62 gold pieces.

Inventory:

Hand Weapons
 u - a +0 war axe (weapon)
Missiles
 h - 70 stones (quivered)
Armour
 b - a +0 leather armour (worn)
Jewellery
 j - a +3 ring of protection (left claw)
 o - a cursed ring of teleportation {unknown}
Scrolls
 e - a scroll of noise {unknown}
 l - 2 scrolls of identify {unknown}
 m - a scroll of recharging {unknown}
 p - a scroll of amnesia {unknown}
 r - a scroll of immolation {unknown}
 s - a scroll of enchant armour {unknown}
Potions
 i - 2 potions of curing {unknown}
 k - a potion of invisibility {unknown}
 n - 2 potions of experience {unknown}
 q - 2 potions of brilliance {unknown}
Books
 c - a book of Battle

   Spells                             Type                      Level
   a - Infusion                       Charms                       1
   b - Shroud of Golubria             Charms/Translocation         2
   c - Song of Slaying                Charms                       2
   d - Spectral Weapon                Hexes/Charms                 3
   e - Regeneration                   Charms/Necromancy            3
Comestibles
 a - 2 chunks of flesh
 d - a bread ration
 g - 2 meat rations
 t - a royal jelly


   Skills:
 + Level 2.1 Fighting
 * Level 2.2 Axes
 + Level 1.5 Armour
 * Level 2.4 Dodging
 + Level 0.4 Stealth
 * Level 2.4 Spellcasting
 + Level 3.0 Charms


You had 5 spell levels left.
You knew the following spells:

 Your Spells              Type           Power        Failure   Level  Hunger
a - Infusion              Chrm           ##..         9%          1    #......


Dungeon Overview and Level Annotations

Branches:
Dungeon (2/15)

Altars:


Innate Abilities, Weirdness & Mutations

You have sharp fingernails.
You sometimes gain a little power by taking damage.


Message History

The kobold shouts!
You completely miss the kobold. The kobold hits you but does no damage.
You closely miss the kobold. The kobold misses you.
You hit the kobold.
You kill the kobold!
No target in view!
An orc comes into view. It is wielding a club.
An orc comes into view. It is wielding a war axe.
An orc priest comes into view.
The orc shouts!
The orc priest shouts!
The orc priest calls down the wrath of Beogh upon you.
Beogh smites you!
You focus on the pain.
You feel agile all of a sudden.
An orc comes into view.
The orc moves out of view.
The orc shouts!
The orc priest mumbles some strange prayers to Beogh against you.
Beogh smites you!
Ouch! That really hurt!
You die...

#.#.#.#.####...#####.###.#
##+#..
#.#.#.#.####..........##.#
#.....
..#...#....'........#.##.#
#.....
###........#........#.##.#
#.....
...................##.##.#
#.....
...........#)..........#.#
#.....
...#########.#.....###.#.#
#..... ..)#
#.###....##.#.####.##.
...# #.#
#@...##........##. ...#
####.###.)..##...###.###.
.(.#
#.......o...+....#.......
...#
#......#....###..#...####
.###
#......#....###..........
.#
#......#....#...>##....#.
##
#...o.......#....##..#.#.
#...........#....##......
#...........#....###.#.##


You could see an orc priest and an orc.

Vanquished Creatures
  2 oozes (D:1)
  A worm (D:2)
  2 leopard geckos
  A giant cockroach (D:1)
  5 goblins
  6 hobgoblins
  12 jackals
  6 kobolds
  4 bats
  2 frilled lizards (D:1)
  7 rats
48 creatures vanquished.

Notes
Turn   | Place    | Note
-------+----------+-------------------------------------------
     0 | D:1      | roguesci the Demonspawn Skald began the quest for the Orb.
     0 | D:1      | Reached XP level 1. HP: 16/16 MP: 3/3
    28 | D:1      | Reached skill level 1 in Armour
   170 | D:1      | Gained mutation: You sometimes gain a little power by taking damage. [demonic ancestry]
   170 | D:1      | Reached XP level 2. HP: 21/22 MP: 5/5
   634 | D:1      | Gained mutation: You have sharp fingernails. [demonic ancestry]
   634 | D:1      | Reached XP level 3. HP: 22/27 MP: 6/6
   937 | D:1      | Reached skill level 3 in Charms
  1871 | D:2      | Killed from afar by an orc priest

Vault maps used:
D:1:      dpeg_arrival_boxes_within_box, minmay_tromino_v4_b
D:2:      hangedman_decor_opposing

Skill      XL: |  1  2  3 |
---------------+----------+-----
Armour         | 1 |  1.5
Dodging        | 2 |  2.4
Axes           | 2 |  2.2
Charms         | 3 |  3.0
Fighting       | |  2.1
Stealth        | |  0.4
Spellcasting   | |  2.4

Action                   || total
-------------------------++-------
Melee: Hand axe          ||   130
       War axe           ||    10
 Cast: Infusion          ||     5
  Eat: Chunk             ||     3
Armor: Leather armour    ||    48
Dodge: Dodged            ||   116

Table legend:
 A = Spawn XP
 B = Non-spawn XP
 C = Spawn XP percentage of total XP
 D = Spawn monster count
 E = Non-spawn monster count
 F = Spawn count percentage of total count
 G = Total turns spent on level
                    A         B        C        D         E        F      G
               +---------+---------+-------+---------+---------+-------+---------
         Total |      18 |      77 |  18.9 |       9 |      39 |  18.8 |  1871
               +---------+---------+-------+---------+---------+-------+---------
           D:1 |      14 |      56 |  20.0 |       7 |      27 |  20.6 |  1166
           D:2 |       4 |      21 |  16.0 |       2 |      12 |  14.3 |   705
               +---------+---------+-------+---------+---------+-------+---------
